 Dungeon Crawl Stone Soup version 0.31-a0-121-g1e386dd289 (webtiles) character file.

Game seed: 10802543934484198565

1863 mopl the Thaumaturge (level 8, -4/45 (50) HPs)
             Began as a Deep Elf Ice Elementalist on May 31, 2023.
             Slain by a wight
             ... wielding a +5 halberd of freezing
              (10 damage)
             ... on level 6 of the Dungeon.
             The game lasted 00:11:10 (4815 turns).

mopl the Thaumaturge (Deep Elf Ice Elementalist)    Turns: 4815, Time: 00:11:11

HP:   -4/45 (50)    AC: 16    Str:  5    XL:     8   Next: 90%
MP:   15/23         EV: 12    Int: 23    God:
Gold: 378           SH:  0    Dex: 15    Spells: 18/25 levels left

rFire   . . .        b - +1 dagger (elec)
rCold   . . .        (no shield)
rNeg    . . .        y - +2 robe
rPois   .            u - +1 helmet
rElec   .            E - +0 cloak
rCorr   +            o - +0 pair of gloves
SInv    .            (no boots)
Will    .....        h - amulet of regeneration
Stlth   ++           l - ring of wizardry
HPRegen 1.07/turn    x - ring of resist corrosion
MPRegen 0.18/turn

%: wizardry (x1)
@: ice-armoured, hasted, heavily drained, very quick
A: no striking features
a: no special abilities


You were on level 6 of the Dungeon.
You visited 1 branch of the dungeon, and saw 6 of its levels.
You also visited: Sewer.

You collected 378 gold pieces.

Inventory:

Hand Weapons
 a - a +2 dagger of venom
 b - a +1 dagger of electrocution (weapon)
Missiles
 c - 12 boomerangs
 n - a curare-tipped dart
 t - 13 poisoned darts
Armour
 o - a +0 pair of gloves (worn)
 u - a +1 helmet (worn)
 y - a +2 robe (worn)
 D - a +2 leather armour of willpower
 E - a +0 cloak (worn)
Jewellery
 h - an amulet of regeneration (around neck)
 l - a ring of wizardry (left hand)
 x - a ring of resist corrosion (right hand)
 I - a ring of protection from fire
Wands
 B - a wand of mindburst (1)
Scrolls
 e - a scroll of noise {unknown}
 f - a scroll of magic mapping {unknown}
 g - a scroll of fear {unknown}
 k - a scroll of brand weapon {unknown}
 s - 4 scrolls of teleportation {unknown}
 v - 2 scrolls of immolation {unknown}
 C - 2 scrolls of identify {unknown}
 F - a scroll of blinking {unknown}
 G - a scroll of amnesia {unknown}
 H - a scroll of silence {unknown}
 J - 3 scrolls of fog {unknown}
 K - a scroll of enchant armour {unknown}
Potions
 d - a potion of ambrosia {unknown}
 i - 3 potions of might {unknown}
 j - a potion of attraction {unknown}
 m - a potion of degeneration {unknown}
 p - 2 potions of haste
 q - 2 potions of mutation {unknown}
 r - 2 potions of invisibility {unknown}
 w - a potion of resistance {unknown}
 z - a potion of brilliance
 A - a potion of magic


   Skills:
 + Level 5.4 Fighting
 - Level 2.4 Dodging
 - Level 2.4 Stealth
 + Level 9.2 Spellcasting
 + Level 8.5 Ice Magic


You had 18 spell levels left.
You knew the following spells:

 Your Spells              Type           Power      Damage    Failure   Level
a - Freeze                Ice            100%       1d10      1%          1
b - Frozen Ramparts       Ice            98%        1d15      1%          3
s - Ozocubu's Armour      Ice            49%        N/A       1%          3

Your spell library contained the following spells:

 Spells                   Type           Power      Damage    Failure   Level
 Apportation              Tloc           20%        N/A       2%          1
 Summon Ice Beast         Ice/Summ       30%        N/A       4%          4
 Alistair's Intoxication  Tmut/Pois      6%         N/A       52%         5


Dungeon Overview and Level Annotations

Branches:
Dungeon (6/15)              Sewer (visited)
 Temple: D:4-7

Altars:
Ashenzari
Sif Muna
Wu Jian

Shops:
D:2 (


Message History

The wight is heavily damaged.
The wight completely resists.
The wall freezes the wight but does no damage.
The wight hits you but does no damage.
The wight completely resists.
The wall freezes the wight but does no damage.
The wight closely misses you.
The wall freezes the shadow imp but does no damage.
You barely miss the wight.
The wight is heavily damaged.
The wight resists.
The wall freezes the wight.
The wight hits you with a +1 dire flail!
The wight resists.
The wall freezes the wight.
The wight barely misses you.
The shadow imp completely resists.
The wall freezes the shadow imp but does no damage.
You hit the wight but do no damage. Lightning courses through the wight!!
You destroy the wight!
The wight resists.
The wall freezes the wight.
The wight hits you from afar with a +5 halberd of freezing!
* * * LOW HITPOINT WARNING * * *
The wight freezes you.
* * * LOW HITPOINT WARNING * * *
The shadow imp completely resists.
The wall freezes the shadow imp but does no damage.
Unknown command.
It was a potion of haste.
You feel yourself speed up.
The frozen ramparts melt away.
The wight hits you but does no damage. The shadow imp gestures at you.
Pain shoots through your body!
* * * LOW HITPOINT WARNING * * *
Aiming: Mindburst
Press: ? - help, Shift-Dir - straight line, f - wight
Aim: a wight, wielding a +5 halberd of freezing and wearing a +0 robe (moderately damaged, chance to affect: 64%)
The wight's mind is blasted!
Unknown command.
Aiming: Mindburst
Press: ? - help, Shift-Dir - straight line, f/p - wight
Aim: a wight, wielding a +5 halberd of freezing and wearing a +0 robe (almost destroyed, chance to affect: 64%)
The wight struggles to resist.
The wight hits you from afar with a +5 halberd of freezing!
You die...

####.........#........#
#.........#........
#.........#........
##...............#
#.........###.#.###
#.........#...#)..#
#...........# #...#
#..........####...#######
..##<#......@5..........#
#. #...###z####.........#
##)......# #.........#
+........##+#.....$...#
##.............)......#
#.....z.....5........#
#...#..................##
#............##.........#
+.......................#


You could see a wight and a shadow imp.

Vanquished Creatures
  Pikel (D:4)
  An ice beast (D:5)
  A black bear (D:4)
  An ogre (D:6)
  2 kobold brigands (Sewer)
  Blork the orc (D:4)
  2 scorpions (D:5)
  4 wights
  Crazy Yiuf (D:4)
  2 hounds
  A jelly (D:6)
  Ijyb (D:4)
  Natasha (D:2)
  2 orc wizards
  A sleepcap (D:4)
  7 gnolls
  4 adders
  10 river rats (Sewer)
  A shadow imp (D:5)
  A white imp (D:5)
  An ufetubus (D:5)
  4 worms
  A dart slug (D:5)
  13 orcs
  10 ball pythons
  7 bats
  4 endoplasms
  3 giant cockroaches
  7 goblins
  6 hobgoblins
  15 jackals
  17 kobolds
  2 quokkas (D:1)
  4 frilled lizards
  21 rats
160 creatures vanquished.

Notes
Turn   | Place    | Note
-------+----------+-------------------------------------------
     0 | D:1      | mopl the Deep Elf Ice Elementalist began the quest for the
                  | Orb.
     0 | D:1      | Reached XP level 1. HP: 10/10 MP: 6/6
   166 | D:1      | Reached XP level 2. HP: 16/16 MP: 6/8
   381 | D:1      | Reached skill level 1 in Fighting
   578 | D:1      | Found a faded altar of an unknown god.
   587 | D:1      | Reached XP level 3. HP: 20/20 MP: 7/10
   779 | D:2      | Found Zocant's Weapon Emporium.
   885 | D:3      | Reached skill level 4 in Spellcasting
   910 | D:3      | Reached skill level 5 in Ice Magic
   922 | D:3      | Learned a level 3 spell: Frozen Ramparts
   926 | D:3      | Learned a level 3 spell: Ozocubu's Armour
  1025 | D:3      | Found a broken altar of Ashenzari.
  1309 | D:3      | Reached XP level 4. HP: 25/25 MP: 8/12
  1321 | D:3      | Found a glowing drain.
  1325 | Sewer    | Entered a sewer
  1386 | Sewer    | Noticed a kobold brigand
  1405 | Sewer    | Killed a kobold brigand
  1406 | Sewer    | Reached skill level 2 in Fighting
  1406 | Sewer    | Reached XP level 5. HP: 23/30 MP: 7/14
  1476 | Sewer    | Reached skill level 5 in Spellcasting
  1769 | Sewer    | Reached XP level 6. HP: 30/36 MP: 8/16
  2142 | D:2      | Reached skill level 6 in Ice Magic
  2312 | D:2      | Noticed Natasha
  2315 | D:2      | Killed Natasha
  2316 | D:2      | Reached skill level 3 in Fighting
  2413 | D:2      | Identified the +0 leather armour of Wariness {rC+}
  3002 | D:3      | Reached skill level 6 in Spellcasting
  3072 | D:4      | Noticed Blork the orc
  3081 | D:4      | Killed Blork the orc
  3167 | D:4      | Noticed Ijyb
  3177 | D:4      | Killed Ijyb
  3178 | D:4      | Reached XP level 7. HP: 41/41 MP: 11/18
  3602 | D:4      | Noticed Pikel
  3624 | D:4      | Killed Pikel
  3625 | D:4      | Reached skill level 4 in Fighting
  3625 | D:4      | Reached skill level 7 in Spellcasting
  3625 | D:4      | Reached skill level 7 in Ice Magic
  3625 | D:4      | Reached XP level 8. HP: 48/48 MP: 9/21
  3697 | D:4      | Found a runed translucent door.
  3698 | D:4      | Noticed Crazy Yiuf
  3714 | D:4      | Killed Crazy Yiuf
  3856 | D:4      | Reached skill level 8 in Spellcasting
  3932 | D:4      | Found an ornate altar of the Wu Jian Council.
  3937 | D:4      | Found a shimmering blue altar of Sif Muna.
  4102 | D:5      | Entered Level 5 of the Dungeon
  4431 | D:5      | Reached skill level 5 in Fighting
  4431 | D:5      | Reached skill level 8 in Ice Magic
  4724 | D:6      | Reached skill level 9 in Spellcasting
  4815 | D:6      | Slain by a wight

Illustrated notes

Levels and vault maps discovered:
D:1:      dpeg_arrival_three_bigger_balls, layout_loops_ring,
          ebering_ecumenical_altar_sacrificial
D:2:      layout_basic, serial_shops, nicolae_shop_waterfront, uniq_natasha
D:3:      layout_loops_ring, nicolae_ashenzari_panopticon, serial_rivers,
          chequers_serial_rivers_room_b, chequers_serial_rivers_small_a,
          chequers_serial_rivers_small_b, chequers_serial_rivers_room_a,
          chequers_serial_rivers_large_a, gup_sewer_entry_bowl
D:4:      layout_loops_corners, amethyst_overflow_temple_binary,
          minmay_distorted, uniq_blork_the_orc, uniq_ijyb, uniq_pikel,
          uniq_crazy_yiuf_cottage
D:5:      layout_rooms, st_stairs_14
D:6:      layout_basic, nicolae_overflow_hidden_temple, kennysheep_little_box,
          kennysheep_mini, minmay_temple_entry_poolview,
          chequers_serial_rivers_micro_c, uniq_duvessa, uniq_eustachio

Skill      XL: |  1  2  3  4  5  6  7  8 |
---------------+-------------------------+-----
Fighting       | 1 2 3 4 5 |  5.4
Spellcasting   | 4 5 6 7 9 |  9.2
Ice Magic      | 5 6 7 8 |  8.5
Dodging        | |  2.4
Stealth        | |  2.4

Action                     |  1- 3 |  4- 6 |  7- 9 || total
---------------------------+-------+-------+-------++-------
  Melee: Dagger            |    13 |    70 |    85 ||   168
         Punch             |     1 |       |     3 ||     4
         Unarmed           |       |     3 |       ||     3
  Throw: Dart              |       |     2 |       ||     2
   Cast: Freeze            |    61 |    72 |    35 ||   168
         Frozen Ramparts   |       |     4 |    13 ||    17
         Ozocubu's Armour  |       |     3 |    12 ||    15
  Evoke: Wand              |       |       |     2 ||     2
    Use: Potion            |       |       |     1 ||     1
   Stab: Sleeping          |     3 |     3 |     1 ||     7
 Armour: Robe              |    12 |    31 |    42 ||    85
  Dodge: Dodged            |    43 |    79 |    85 ||   207

Table legend: (Time is in decaauts)
 A = Elapsed time spent in this place.
 B = Non-inter-level travel time spent in this place.
 C = Inter-level travel time spent in this place.
 D = Time resting spent in this place.
 E = Time spent auto-exploring this place.
 F = Levels seen in this place.
 G = Mean time per level.
                   A        B        C        D        E       F      G
               +--------+--------+--------+--------+--------+-----+--------+
         Total |   4871 |   4596 |    275 |    208 |   2914 |   7 |  695.9 |
       Dungeon |   4160 |   3885 |    275 |    145 |   2591 |   6 |  693.3 |
         Sewer |    710 |    710 |      0 |     63 |    322 |   1 |  710.0 |
               +--------+--------+--------+--------+--------+-----+--------+

Top non-repeatable levels by time:
     D:3: 1117 daAuts
     D:4: 1051 daAuts
     D:1: 715 daAuts
   Sewer: 710 daAuts
     D:2: 565 daAuts
     D:5: 521 daAuts
     D:6: 189 daAuts
